 Dungeon Crawl Stone Soup version 0.31-a0-188-g5e087ee2ca (webtiles) character file.

Game seed: 224769969629415073

375 qw the Skirmisher (level 6, 0/35 HPs)
             Began as a Deep Elf Hunter on June 22, 2023.
             Slain by an acid dragon (2 damage)
             ... on level 5 of the Dungeon.
             The game lasted 00:01:19 (3905 turns).

qw the Skirmisher (Deep Elf Hunter)                 Turns: 3905, Time: 00:01:20

Health: 0/35       AC:  6    Str: 10    XL:     6   Next: 44%
Magic:  8/8        EV: 11    Int: 14    God:
Gold:   135        SH:  5    Dex: 18    Spells: 5/5 levels left

rFire   . . .        Y - +0 shortbow
rCold   . . .        (shield currently unavailable)
rNeg    . . .        b - +0 ring mail
rPois   .            (no helmet)
rElec   .            (no cloak)
rCorr   .            (no gloves)
SInv    .            h - +0 pair of boots
Will    .....        a - amulet of reflection
Stlth   +            i - +4 ring of protection
HPRegen 0.25/turn    (no ring)
MPRegen 0.11/turn

%: reflection
@: corroded
A: no striking features
a: no special abilities


You were on level 5 of the Dungeon.
You visited 1 branch of the dungeon, and saw 5 of its levels.

You collected 135 gold pieces.


   Skills:
 - Level 2.1 Fighting
 + Level 9.8 Ranged Weapons
 - Level 3.1 Dodging
 - Level 1.2 Stealth


You had 5 spell levels left.
You didn't know any spells.
Your spell library was empty.

Inventory:

Hand Weapons
 Y - a +0 shortbow (weapon)
Armour
 b - a +0 ring mail (worn)
 h - a +0 pair of boots (worn)
Jewellery
 a - an amulet of reflection (around neck)
 i - a +4 ring of protection (left hand)
Scrolls
 d - a scroll of identify
Potions
 e - a potion of might
 f - a potion of haste {unknown}
 g - a potion of curing {unknown}
 l - a potion of mutation {unknown}
 m - a potion of berserk rage {unknown}

Dungeon Overview and Level Annotations

Branches:
Dungeon (5/15)
 Temple: D:4-7

Altars:
Fedhas

Annotations:
D:1 2 transporters
D:3 3 runed translucent doors, qw's ghost, amateur DEHu


Message History

The ogre is heavily wounded.
An acid dragon comes into view.
You shoot an arrow. The arrow barely misses the ogre.
The acid dragon roars!
You shoot an arrow.
The arrow hits the acid dragon but does no damage.
A jelly comes into view.
You shoot an arrow. The jelly quivers.
The arrow hits the ogre.
The ogre is heavily wounded.
You shoot an arrow. The arrow hits the ogre.
The ogre is severely wounded.
You shoot an arrow.
The arrow hits the ogre but does no damage.
The ogre is severely wounded.
You block the ogre's attack.
You shoot an arrow. The arrow hits the ogre!
The ogre is almost dead.
The ogre barely misses you.
You shoot an arrow. The arrow hits the ogre!
You kill the ogre!
The acid dragon completely misses you. The acid dragon claws you.
You shoot an arrow.
The arrow barely misses the acid dragon.
An orc comes into view. It is wielding a +0 hand axe.
The acid dragon spits acid at you. The splash of acid hits you!!
Ouch! That really hurt!
The acid corrodes you!
You shoot an arrow.
The arrow barely misses the acid dragon.
The orc shouts!
You block the acid dragon's attack. The acid dragon claws you.
You shoot an arrow.
The arrow closely misses the acid dragon.
The arrow hits the jelly.
The jelly is heavily wounded.
The acid dragon bites you.
You die...

#.# ..### #.# ...#
#.# .#.. #.# .!.
#.####.###### ..#
#...........# #J#
######.###.##
#D#########.# #.#
#@#.........# #.#
#.###.####### #.#
..####.###.#### #.#
#............# #.#
#.####...%...######.#
#.......##.....#
#.......######.#
.........# #.#
..........# #.#


You could see an acid dragon (catching breath) and a jelly.

Vanquished Creatures
  An ogre (D:5)
  2 hounds (D:4)
  An iguana (D:4)
  Natasha (D:3)
  4 gnolls (D:2)
  5 adders
  A shadow imp (D:3)
  A worm (D:4)
  2 dart slugs
  9 ball pythons
  8 bats
  7 endoplasms
  7 giant cockroaches
  11 goblins
  7 hobgoblins
  5 jackals
  6 kobolds
  2 quokkas (D:2)
  2 frilled lizards
  7 rats
89 creatures vanquished.

Notes
Turn   | Place    | Note
-------+----------+-------------------------------------------
     0 | D:1      | qw the Deep Elf Hunter began the quest for the Orb.
     0 | D:1      | Reached XP level 1. HP: 12/12 MP: 3/3
     0 | D:1      | 0 ||| qw: Version: 0.3-a-9-g12657ce
     0 | D:1      | 0 ||| qw: Game counter: 3058
     0 | D:1      | 0 ||| qw: Always use a shield: true
     0 | D:1      | 0 ||| qw: God list: Okawaru
     0 | D:1      | 0 ||| qw: Allow faded altars: false
     0 | D:1      | 0 ||| qw: Do Orc after D:15 true
     0 | D:1      | 0 ||| qw: Do second Lair branch before Depths: true
     0 | D:1      | 0 ||| qw: Lair rune preference: random
     0 | D:1      | 0 ||| qw: Plans: Normal
     0 | D:1      | 0 ||| PLANNING D:1-11
   160 | D:1      | Reached skill level 6 in Ranged Weapons
   160 | D:1      | Reached XP level 2. HP: 16/16 MP: 4/4
   793 | D:1      | 793 ||| READING scroll labelled IKHOORARCHE.
   794 | D:1      | 794 ||| DROPPING scroll of butterflies.
   845 | D:2      | Reached XP level 3. HP: 20/20 MP: 5/5
   970 | D:2      | Reached skill level 7 in Ranged Weapons
  1125 | D:2      | 1125 ||| FLEEEEING.
  1126 | D:2      | 1126 ||| FLEEEEING.
  1127 | D:2      | 1127 ||| FLEEEEING.
  1128 | D:2      | 1128 ||| FLEEEEING.
  1129 | D:2      | 1129 ||| FLEEEEING.
  1595 | D:2      | Reached XP level 4. HP: 25/25 MP: 6/6
  1709 | D:2      | Reached skill level 8 in Ranged Weapons
  1861 | D:2      | 1861 ||| UPGRADING to amulet of reflection.
  1866 | D:2      | 1866 ||| READING scroll labelled RATAQO SACOE.
  1867 | D:2      | 1867 ||| READING scroll labelled YMI RASEIZERAPH.
  2039 | D:3      | Noticed Natasha
  2064 | D:3      | Killed Natasha
  2065 | D:3      | Reached XP level 5. HP: 29/29 MP: 7/7
  2409 | D:3      | Found a runed translucent gate.
  2409 | D:3      | Found a runed translucent gate.
  2410 | D:3      | Found a runed translucent gate.
  2412 | D:3      | Noticed qw's ghost (amateur DEHu)
  2444 | D:3      | Found a faded altar of an unknown god.
  2676 | D:3      | Found a blossoming altar of Fedhas.
  2764 | D:3      | 2764 ||| UPGRADING to +0 pair of boots.
  2769 | D:3      | 2769 ||| UPGRADING to +4 ring of protection.
  2770 | D:3      | 2770 ||| READING 2 scrolls labelled YJUT ZIURCHYO.
  2771 | D:3      | 2771 ||| READING 2 scrolls of identify.
  2771 | D:3      | 2771 ||| IDENTIFYING metallic cyan potion
  2772 | D:3      | 2772 ||| DROPPING scroll of fog.
  3039 | D:4      | 3039 ||| FLEEEEING.
  3052 | D:4      | Reached skill level 9 in Ranged Weapons
  3190 | D:4      | Reached skill level 3 in Dodging
  3401 | D:4      | Reached XP level 6. HP: 35/35 MP: 8/8
  3592 | D:4      | 3592 ||| UPGRADING to +0 ring mail.
  3602 | D:4      | 3602 ||| DROPPING +0 leather armour.
  3603 | D:4      | 3603 ||| DROPPING ring of magical power.
  3604 | D:4      | 3604 ||| READING scroll labelled CUDE LE HENIF.
  3605 | D:4      | 3605 ||| READING scroll labelled GORCHU CYCOR.
  3606 | D:4      | 3606 ||| READING scroll labelled DYOMUL CONYESS.
  3608 | D:4      | 3608 ||| Stepping ~*~*~tactically~*~*~ (cloud).
  3742 | D:5      | Entered Level 5 of the Dungeon
  3895 | D:5      | Noticed an acid dragon
  3903 | D:5      | HP: 6/35 [acid dragon/splash of acid (25)]
  3904 | D:5      | HP: 2/35 [acid dragon (4)]
  3905 | D:5      | Slain by an acid dragon

Levels and vault maps discovered:
D:1:      spicycebolla_arrival_transporter_tutorial, layout_basic
D:2:      layout_basic, minmay_liquid_box
D:3:      layout_loops_corners, fedhas_altar_2, ebering_ghost_rock_garden,
          ebering_ecumenical_altar_mist, minivault_27, uniq_natasha
D:4:      layout_gridville
D:5:      layout_basic, serial_bayou_pond_b

Skill      XL: |  1  2  3  4  5 |
---------------+----------------+-----
Ranged Weapons | 6 7 8 9 |  9.8
Dodging        | 3 |  3.1
Fighting       | 2 |  2.1
Stealth        | |  1.2

Action                     |  1- 3 |  4- 6 || total
---------------------------+-------+-------++-------
   Fire: Shortbow          |   107 |   166 ||   273
    Use: Scroll            |     1 |     7 ||     8
 Armour: Leather armour    |    14 |    10 ||    24
         Ring mail         |       |     4 ||     4
  Dodge: Dodged            |    20 |    36 ||    56
  Block: Other             |       |    12 ||    12

Table legend:
 A = Non-vault XP
 B = Vault XP
 C = Vault XP percentage of total XP
 D = Non-vault monster count
 E = Vault monster count
 F = Vault count percentage of total count
                 A         B        C        D         E       F
            +---------+---------+-------+---------+---------+-------
      Total |     388 |     148 |  27.6 |      87 |       2 |   2.2
            +---------+---------+-------+---------+---------+-------
        D:1 |      40 |       0 |   0.0 |      24 |       0 |   0.0
        D:2 |     116 |       0 |   0.0 |      25 |       0 |   0.0
        D:3 |      67 |      35 |  34.3 |      20 |       1 |   4.8
        D:4 |     152 |       0 |   0.0 |      17 |       0 |   0.0
        D:5 |      13 |     113 |  89.7 |       1 |       1 |  50.0
            +---------+---------+-------+---------+---------+-------
